 Dungeon Crawl Stone Soup version 0.25.1-2-g60ff931df9 (webtiles) character file.

Game seed: 16093963925838117780

62761 Erymatos the Severer (level 14, -2/127 HPs)
             Began as a Minotaur Berserker on Nov 12, 2020.
             Was the Champion of Trog.
             Slain by an orc warrior
             ... wielding a cursed -1 trident
             ... led by an orc warlord
              (13 damage)
             ... on level 2 of the Orcish Mines.
             The game lasted 00:43:27 (18539 turns).

Erymatos the Severer (Minotaur Berserker)          Turns: 18539, Time: 00:43:28

Health: -2/127     AC: 14    Str: 23    XL:     14   Next: 65%
Magic:  8/13       EV: 14    Int:  4    God:    Trog [******]
Gold:   1486       SH: 17    Dex: 17    Spells: 13/13 levels left

rFire    + . .     SeeInvis .   r - +0 war axe (elec)
rCold    . . .     Gourm    .   U - +2 kite shield {rF+}
rNeg     + + .     Faith    .   R - +6 scale mail of the Mind {rPois rN+ Dex+3}
rPois    +         Spirit   .   (helmet restricted)
rElec    .         Reflect  .   W - +0 cloak (curse)
rCorr    .         Harm     .   H - +1 pair of gloves
MR       +....                  M - +0 pair of boots
Stlth    ..........             n - amulet of the acrobat
HPRegen  0.31/turn              (no ring)
MPRegen  0.13/turn              K - ring of positive energy

@: corroded, berserk cooldown, slowed, very slow
A: retaliatory headbutt, horns 2
a: Berserk, Trog's Hand, Brothers in Arms, Renounce Religion


You were on level 2 of the Orcish Mines.
You worshipped Trog.
Trog was exalted by your worship.
You were hungry.

You visited 2 branches of the dungeon, and saw 17 of its levels.

You collected 1805 gold pieces.
You spent 319 gold pieces at shops.

Inventory:

Hand Weapons
 o - the +4 battleaxe "Lacertilianslayer" {vorpal, rF+ Str+4 SInv}
   (Trog gifted it to you on level 2 of the Orcish Mines)

   It inflicts extra damage upon your enemies.
   It affects your strength (+4).
   It protects you from fire.
   It lets you see invisible.
 r - a +0 war axe of electrocution (weapon)
 L - the +2 hand axe "Ariviff" {flame, *Rage MR+ Stlth+}
   (Trog gifted it to you on level 10 of the Dungeon)

   It has been specially enchanted to burn those struck by it, causing extra
   injury to most foes and up to half again as much damage against particularly
   susceptible opponents.
   Big, fiery blades are also staple armaments of hydra-hunters.
   It affects your resistance to hostile enchantments.
   It may make you go berserk in combat.
   It makes you more stealthy.
Armour
 H - a +1 pair of gloves (worn)
 M - a +0 pair of boots (worn)
 O - +1 ice dragon scales
 R - the +6 scale mail of the Mind (worn) {rPois rN+ Dex+3}
   (You found it on level 12 of the Dungeon)

   It affects your dexterity (+3).
   It protects you from poison.
   It protects you from negative energy.
 T - a +2 kite shield of cold resistance
 U - a +2 kite shield of fire resistance (worn)
 W - a cursed +0 cloak (worn)
 Z - cursed +0 storm dragon scales
Jewellery
 n - an amulet of the acrobat (around neck)
 s - an uncursed ring of fire
 u - an uncursed amulet of guardian spirit {unknown}
 B - a +6 ring of intelligence
 K - a ring of positive energy (right hand)
Wands
 g - a wand of polymorph (7)
 t - a wand of iceblast (7)
 F - a wand of disintegration (27)
Scrolls
 a - a scroll of acquirement
 d - 6 scrolls of magic mapping
 e - 2 scrolls of fog
 h - 6 scrolls of teleportation
 i - 7 scrolls of remove curse
 k - 2 scrolls of vulnerability
 v - a scroll of enchant weapon
 w - a scroll of identify
 x - 4 scrolls of blinking
 y - 3 scrolls of enchant armour
 C - a scroll of silence
Potions
 b - 4 potions of heal wounds
 j - a potion of ambrosia
 l - 6 potions of haste
 m - 6 potions of curing
 p - 3 potions of might
 q - 3 potions of degeneration
 z - 2 potions of lignification
 A - 2 potions of invisibility
 D - 2 potions of cancellation
 E - a potion of resistance
 G - a potion of stabbing
 I - 2 potions of mutation
 J - 6 potions of flight
Comestibles
 c - 37 rations
 f - 2 chunks of flesh


   Skills:
 * Level 12.8 Fighting
 + Level 16.7 Axes
 * Level 15.1 Armour
 + Level 5.3 Dodging
 - Level 15.2 Shields


You had 13 spell levels left.
You didn't know any spells.
Your spell library was empty.

Dungeon Overview and Level Annotations

Branches:
Dungeon (15/15)            Temple (0/1) D:6            Lair (0/6) D:8
    Orc (2/2) D:12         Vaults (0/5) D:14         Depths (0/5) D:15
    Elf: Orc:2

Altars:
Ashenzari
Cheibriados
Dithmenos
Elyvilon
Fedhas
Gozag
Kikubaaqudgha
Okawaru
Qazlal
Ru
Uskayaw
Wu Jian
Yredelemnul
Zin
Beogh

Shops:
D:13 !   D:15 (


Innate Abilities, Weirdness & Mutations

You reflexively headbutt those who attack you in melee.
You have a pair of horns on your head.


Message History

You completely miss the orc warrior. You block the orc warrior's attack.
You hit the orc warrior but do no damage.
You headbutt the orc warrior, but do no damage.
The orc warrior hits you with a cursed -1 trident!
* * * LOW HITPOINT WARNING * * *
Okay, then.
You hit the orc warrior.
Lightning courses through the orc warrior!
You headbutt the orc warrior!
The orc warrior is almost dead.
You block the orc warrior's attack.
You hit the orc warrior but do no damage.
The orc warrior is almost dead.
The orc warrior hits you with a cursed -1 trident.
* * * LOW HITPOINT WARNING * * *
You feel better. You block the orc warrior's attack.
You hit the orc warrior but do no damage.
The orc warrior is almost dead.
The orc warrior hits you with a cursed -1 trident!
You die...

....####.####.8...8.o.8.
.........# #........##
#####.#### #..)).o...# #
#....+ #)))#......# #
#....# ##))##.....#
##+##....#####)..#.....#
............##.).##.....
#.###'#####.##..o.#...o.
#.##รท..# ###.@.##....
#.##...# #))..# #+######
##)).# ##...# ...# ....#
. .....# . ......# .
.8....#


You could see an orc warrior.

Vanquished Creatures
  2 ogre magi
  6 hydras
  3 centaur warriors
  11 two-headed ogres
  5 tengu warriors
  3 orc high priests
  2 unseen horrors
  A wizard (D:15)
  A necromancer (D:15)
  A wolf spider zombie (D:15)
  A harpy (shapeshifter) (D:15)
  Pikel (D:7)
  An orc knight (D:11)
  3 deep elf magi
  12 ugly things
  3 cyclopes
  3 orc sorcerers
  4 centaur zombies
  2 manticores (D:15)
  A naga mage (D:15)
  4 gargoyles
  2 kobold demonologists
  A freezing wraith (D:14)
  An efreet (D:14)
  2 tengu conjurers (D:13)
  9 trolls
  A hornet (D:10)
  Grinder (D:6)
  2 hippogriffs
  7 slime creatures
  2 dream sheep (D:10)
  A shadow (D:12)
  A centaur simulacrum (D:15)
  A vampire (D:11)
  14 yaks
  Eustachio (D:4)
  A wraith (D:15)
  A wyvern (D:8)
  5 hungry ghosts
  12 vampire mosquitoes
  2 wargs (Orc:2)
  A soldier ant (D:14)
  An acid dragon (D:13)
  A porcupine (D:8)
  A water moccasin (D:11)
  Duvessa (D:6)
  9 ice beasts
  35 orc warriors
  2 hornet zombies
  4 slaves (D:7)
  3 black bears
  An eye of draining (D:11)
  8 sky beasts
  18 ogres
  2 phantoms
  22 centaurs
  2 crocodiles
  4 big kobolds (D:10)
  13 bullfrogs
  A gnoll sergeant (D:7)
  Dowan (D:6)
  A water moccasin skeleton (D:8)
  3 wyvern skeletons
  6 scorpions
  9 killer bees
  3 wights (D:7)
  2 howler monkeys
  4 crimson imps
  2 quasits
  3 bullfrog zombies
  A bullfrog skeleton (D:9)
  5 jellies
  26 orc priests
  15 hounds
  8 centaur skeletons
  Jessica (D:2)
  Terence (D:2)
  3 iguanas
  17 orc wizards
  10 worker ants
  4 hound skeletons
  3 worker ant zombies
  A howler monkey zombie (D:8)
  16 adders
  4 gnolls (D:7)
  A howler monkey skeleton (D:5)
  A river rat (D:6)
  4 shadow imps
  An ooze (D:2)
  6 worms
  A dart slug (D:4)
  6 leopard geckos
  98 orcs
  2 ball pythons
  9 bats
  2 bat zombies (D:7)
  16 giant cockroaches
  5 goblins
  3 hobgoblins
  20 jackals
  7 kobolds
  4 quokkas
  6 frilled lizards
  A jackal zombie (D:7)
  A quokka skeleton (D:4)
  A quokka zombie (D:5)
  12 rats
  A rat zombie (D:7)
  2 fungi (D:12)
  2 plants (D:12)
627 creatures vanquished.

Vanquished Creatures (others)
  A fungus (D:8)
  10 plants (D:11)
11 creatures vanquished.

Grand Total: 638 creatures vanquished

Notes
Turn   | Place    | Note
-------+----------+-------------------------------------------
     0 | D:1      | Erymatos the Minotaur Berserker began the quest for the
                  | Orb.
     0 | D:1      | Reached XP level 1. HP: 19/19 MP: 0/0
   263 | D:1      | Reached XP level 2. HP: 27/27 MP: 1/1
   326 | D:1      | Reached skill level 4 in Axes
   762 | D:2      | Reached XP level 3. HP: 33/33 MP: 2/2
   892 | D:2      | Found an ornate altar of the Wu Jian Council.
   905 | D:2      | Reached ** piety under Trog
   934 | D:2      | Noticed Terence
   943 | D:2      | Killed Terence
   943 | D:2      | Reached XP level 4. HP: 41/41 MP: 3/3
  1164 | D:2      | Found a glowing silver altar of Zin.
  1317 | D:2      | Noticed Jessica
  1321 | D:2      | Killed Jessica
  1321 | D:2      | Reached skill level 5 in Axes
  1329 | D:2      | Found a stormy altar of Qazlal.
  1511 | D:3      | Found a snail-covered altar of Cheibriados.
  1524 | D:3      | Reached XP level 5. HP: 44/47 MP: 4/4
  1580 | D:3      | Found a stormy altar of Qazlal.
  1662 | D:3      | Reached skill level 5 in Fighting
  1865 | D:3      | Reached *** piety under Trog
  1924 | D:3      | Found an iron altar of Okawaru.
  2374 | D:4      | Reached skill level 6 in Axes
  2506 | D:4      | Reached XP level 6. HP: 45/56 MP: 5/5
  2613 | D:4      | Noticed Eustachio
  2649 | D:4      | Killed Eustachio
  3139 | D:4      | Found a basalt altar of Yredelemnul.
  3139 | D:4      | Found a shadowy altar of Dithmenos.
  3440 | D:5      | Entered Level 5 of the Dungeon
  3470 | D:5      | Noticed an ice beast
  3475 | D:5      | Reached skill level 7 in Axes
  3478 | D:5      | Killed an ice beast
  3478 | D:5      | Reached XP level 7. HP: 61/61 MP: 6/6
  3484 | D:5      | Reached skill level 5 in Armour
  3558 | D:5      | Reached skill level 8 in Axes
  3734 | D:5      | Found a hide-covered altar of Uskayaw.
  4224 | D:6      | Found a staircase to the Ecumenical Temple.
  4244 | D:6      | Noticed Grinder
  4258 | D:6      | Paralysed by Grinder for 7 turns
  4266 | D:6      | Killed Grinder
  4266 | D:6      | Reached skill level 9 in Axes
  4266 | D:6      | Reached XP level 8. HP: 56/71 MP: 7/7
  4536 | D:6      | Reached skill level 1 in Shields
  4727 | D:6      | Found a shattered altar of Ashenzari.
  4765 | D:6      | Noticed Duvessa
  4766 | D:6      | Noticed Dowan
  4775 | D:6      | Killed Duvessa
  4782 | D:6      | Killed Dowan
  4954 | D:6      | Reached skill level 10 in Axes
  5408 | D:7      | Reached XP level 9. HP: 79/79 MP: 8/8
  5560 | D:7      | Reached **** piety under Trog
  5574 | D:7      | Noticed Pikel
  5590 | D:7      | Killed Pikel
  5805 | D:7      | Reached skill level 11 in Axes
  5805 | D:7      | Reached skill level 5 in Shields
  6002 | D:7      | Found an ancient bone altar of Kikubaaqudgha.
  6251 | D:8      | Reached XP level 10. HP: 82/88 MP: 9/9
  6294 | D:8      | Reached ***** piety under Trog
  6911 | D:8      | Reached skill level 12 in Axes
  6957 | D:8      | Found a staircase to the Lair.
  7301 | D:9      | Found a hide-covered altar of Uskayaw.
  7302 | D:9      | Found a sacrificial altar of Ru.
  7302 | D:9      | Found an opulent altar of Gozag.
  7303 | D:9      | Found a white marble altar of Elyvilon.
  7881 | D:10     | Entered Level 10 of the Dungeon
  7922 | D:10     | Noticed a gargoyle
  7928 | D:10     | Killed a gargoyle
  8297 | D:10     | Reached skill level 10 in Armour
  8300 | D:10     | Reached XP level 11. HP: 67/95 MP: 10/10
  8437 | D:10     | Noticed a two-headed hydra
  8444 | D:10     | Killed a five-headed hydra
  8447 | D:10     | Received a gift from Trog
  8453 | D:10     | Got a brightly glowing hand axe {god gift}
  8454 | D:10     | Identified the +2 hand axe "Ariviff" {flame, *Rage MR+
                  | Stlth+} (Trog gifted it to you on level 10 of the Dungeon)
  8721 | D:10     | Reached skill level 10 in Shields
  8844 | D:10     | Noticed a two-headed ogre
  8858 | D:10     | Killed a two-headed ogre
  8858 | D:10     | Reached skill level 13 in Axes
  9608 | D:11     | Noticed a five-headed hydra
  9616 | D:11     | Killed a one-headed hydra
 10042 | D:11     | Killed an unseen horror
 10169 | D:11     | Noticed a two-headed ogre
 10175 | D:11     | Killed a two-headed ogre
 10357 | D:11     | Noticed a tengu warrior
 10371 | D:11     | Killed a tengu warrior
 10464 | D:11     | Noticed a two-headed ogre
 10469 | D:11     | Killed a two-headed ogre
 10518 | D:11     | Reached XP level 12. HP: 88/106 MP: 11/11
 10581 | D:11     | Noticed a two-headed ogre
 10587 | D:11     | Killed a two-headed ogre
 10598 | D:11     | Reached skill level 10 in Fighting
 10627 | D:11     | Noticed an eight-headed hydra
 10629 | D:11     | Noticed a two-headed ogre
 10633 | D:11     | Noticed a centaur warrior
 11070 | D:11     | Killed a seven-headed hydra
 11148 | D:11     | Killed a two-headed ogre
 11148 | D:11     | Reached skill level 14 in Axes
 11157 | D:11     | Killed a centaur warrior
 11157 | D:11     | Received a gift from Trog
 11209 | D:11     | Noticed a tengu warrior
 11225 | D:11     | Killed a tengu warrior
 11988 | D:12     | Found a staircase to the Orcish Mines.
 12019 | D:12     | Got a faintly humming scale mail
 12054 | D:12     | Identified the +6 scale mail of the Mind {rPois rN+ Dex+3}
                  | (You found it on level 12 of the Dungeon)
 12206 | D:12     | Identified a scroll of acquirement
 12261 | D:12     | Noticed a two-headed ogre
 12325 | D:12     | Killed a two-headed ogre
 12438 | D:12     | Found a blossoming altar of Fedhas.
 12938 | D:13     | Noticed a tengu warrior
 12948 | D:12     | Killed a tengu warrior
 13252 | D:13     | Noticed a six-headed hydra
 13261 | D:13     | Killed a two-headed hydra
 13261 | D:13     | Reached XP level 13. HP: 114/114 MP: 12/12
 13319 | D:13     | Found Hielasas's Distillery.
 13324 | D:13     | Bought a potion of might for 44 gold pieces
 13324 | D:13     | Bought a potion of heal wounds for 55 gold pieces
 13324 | D:13     | Bought a potion of haste for 110 gold pieces
 13324 | D:13     | Bought 2 potions of heal wounds for 110 gold pieces
 13562 | D:13     | Reached skill level 15 in Axes
 14491 | D:13     | Reached ****** piety under Trog
 14786 | D:14     | Received a gift from Trog
 14793 | D:14     | Found a gate to the Vaults.
 15545 | D:15     | Entered Level 15 of the Dungeon
 15674 | D:15     | Found Solienig's Weapon Shop.
 15755 | D:15     | Reached XP level 14. HP: 125/125 MP: 13/13
 15862 | D:15     | Reached skill level 16 in Axes
 15868 | D:15     | Found a blossoming altar of Fedhas.
 16076 | D:15     | Reached skill level 5 in Dodging
 16423 | D:15     | Found a staircase to the Depths.
 16536 | Orc:1    | Entered Level 1 of the Orcish Mines
 16589 | Orc:1    | Reached skill level 15 in Shields
 16798 | Orc:2    | Entered Level 2 of the Orcish Mines
 16800 | Orc:2    | Received a gift from Trog
 16807 | Orc:2    | Got a glimmering battleaxe {god gift}
 16813 | Orc:2    | Identified the +4 battleaxe "Lacertilianslayer" {vorpal,
                  | rF+ Str+4 SInv} (Trog gifted it to you on level 2 of the
                  | Orcish Mines)
 17128 | Orc:1    | Found a roughly hewn altar of Beogh.
 17139 | Orc:1    | Received a gift from Trog
 18201 | Orc:2    | Reached skill level 15 in Armour
 18537 | Orc:2    | HP: 2/127 [orc warrior/cursed -1 trident[an orc warlord]
                  | (6)]
 18539 | Orc:2    | Slain by an orc warrior

Illustrated notes

Levels and vault maps discovered:
D:1:      roderic_dead_forest, layout_basic, serial_corexii_hall,
          chequers_hall_statues_wall_a, corexii_hall_statues_i,
          corexii_hall_statues_s
D:2:      layout_loops_ring, nicolae_overflow_crystal_walls,
          lemuel_coloured_pillars_altar, lemuel_crystal_altar, serial_glass,
          glass_columns_a, glass_columns_a, glass_columns_c, glass_columns_c,
          glass_columns_b, chequers_serial_rivers_marsh, uniq_jessica,
          uniq_terence
D:3:      minmay_roachtagon, layout_basic, okawaru_metal_pillars_3,
          cheibriados_altar_1, minmay_misc_feat_enclosed,
          grunt_decor_mini_mirrors, grunt_qazlal_sundering
D:4:      layout_loops_corners, gammafunk_temple_overflow_pools, minmay_vboxes,
          uniq_eustachio
D:5:      layout_basic, first_ration, basic_altar, kennysheep_crisscross
D:6:      layout_loops_ring, kennysheep_little_box,
          minmay_temple_entry_stoned_glass, gup_sewer_entry_spiral,
          uniq_duvessa, uniq_grinder
D:7:      layout_rooms, lemuel_zombie_altar_kikubaaqudgha, uniq_pikel
D:8:      layout_gridville, grunt_lair_entry_orc_guard_hut
D:9:      layout_rooms, chequers_temple_overflow_statue_of_worship
D:10:     layout_loops_cross, hangedman_ranch [blue_anna_fruit_fields],
          minmay_quadrilaterals
D:11:     minmay_the_grid_3x2 [minmay_the_grid_garden,
          minmay_the_grid_medium_cups, minmay_the_grid_doors,
          minmay_the_grid_pillar_ring, minmay_the_grid_fan,
          minmay_the_grid_prize_trominoes], layout_basic, kennysheep_nub
D:12:     nooodl_glass_maze, layout_basic, fedhas_altar_3
D:13:     layout_loops_corners, serial_shops, nicolae_shop_trees
D:14:     layout_roguey, david_vaults_2, kennysheep_decorative_pillar
D:15:     grunt_enter_depths_magical_seal, layout_rooms, serial_shops,
          nicolae_shop_behind_doors, minivault_19, basic_altar
Orc:1:    layout_diamond_mine, bh_open_orc_temple
Orc:2:    pubby_orc_utopia

Skill      XL: |  1  2  3  4  5  6  7  8  9 10 11 12 13 14 |
---------------+-------------------------------------------+-----
Fighting       | 4 5 6 7 8 9 10 11 12 | 12.8
Axes           | 4 5 6 7 9 10 11 12 13 14 15 16 | 16.7
Armour         | 3 4 5 7 9 10 11 13 14 15 | 15.1
Shields        | 3 6 9 12 13 14 15 | 15.2
Dodging        | 3 4 5 |  5.3

Action                   |  1- 3 |  4- 6 |  7- 9 | 10-12 | 13-15 || total
-------------------------+-------+-------+-------+-------+-------++-------
Melee: Hand axe          |    89 |    45 |       |   233 |    10 ||   377
       Headbutt          |    16 |    16 |    43 |   159 |   161 ||   395
       War axe           |       |    89 |   242 |   412 |   631 ||  1374
Invok: Berserk           |       |     3 |     3 |     6 |     7 ||    19
       Trog's Hand       |       |       |     1 |       |     2 ||     3
  Use: Scroll            |       |       |       |    25 |     3 ||    28
       Potion            |       |       |       |       |     1 ||     1
  Eat: Chunk             |       |     9 |     8 |    22 |    23 ||    62
       Ration            |       |       |     2 |     2 |     1 ||     5
Armor: Plate armour      |    63 |    89 |    89 |   234 |       ||   475
       Animal skin       |     3 |       |       |       |       ||     3
       Scale mail        |       |       |       |    18 |   123 ||   141
Dodge: Dodged            |    40 |    44 |    26 |   125 |   196 ||   431
Block: Tower shield      |       |       |   118 |   463 |    83 ||   664
       Buckler           |       |       |       |    26 |       ||    26
       Kite shield       |       |       |       |       |   384 ||   384
